 Dungeon Crawl Stone Soup version 0.24.0-41-g2ae2f7f1be (webtiles) character file.

Game seed: 2428005052147001036, levelgen mode: deterministic

1565 Curus the Basher (level 8, -3/64 HPs)
             Began as a Minotaur Monk on Dec 10, 2019.
             Was a Priest of Makhleb.
             Slain by a scorpion (7 damage)
             ... on level 6 of the Dungeon.
             The game lasted 00:19:25 (4763 turns).

Curus the Basher (Minotaur Monk)                    Turns: 4763, Time: 00:19:25

Health: -3/64      AC:  9    Str: 16    XL:     8   Next: 59%
Magic:  7/7        EV: 13    Int: 12    God:    Makhleb [***...]
Gold:   323        SH:  0    Dex: 20    Spells: 7/7 levels left

rFire    . . .     SeeInvis .   s - +0 morningstar
rCold    . . .     Gourm    .   (no shield)
rNeg     . . .     Faith    .   h - +0 chain mail
rPois    .         Spirit   .   g - +1 hat
rElec    .         Reflect  .   (no cloak)
rCorr    .         Harm     .   (no gloves)
MR       .....                  (no boots)
Stlth    ..........             (no amulet)
HPRegen  0.20/turn              (no ring)
MPRegen  0.10/turn              (no ring)

@: brilliant, agile
A: retaliatory headbutt, horns 2
a: Minor Destruction, Lesser Servant of Makhleb, Renounce Religion


You were on level 6 of the Dungeon.
You worshipped Makhleb.
Makhleb was most pleased with you.
You were not hungry.

You visited 1 branch of the dungeon, and saw 6 of its levels.

You collected 323 gold pieces.

Inventory:

Hand Weapons
 a - a +1 mace
 i - a +0 flail
 s - a +0 morningstar (weapon)
Armour
 b - a +0 robe
 d - a +0 scale mail
 g - a +1 hat (worn)
 h - a +0 chain mail (worn)
Jewellery
 p - an uncursed ring of attention
Wands
 k - a wand of flame (11)
 q - a wand of disintegration (15)
Scrolls
 e - 3 scrolls of identify
 j - 2 scrolls of teleportation
 l - a scroll of amnesia
 n - 4 scrolls of blinking
Potions
 m - a potion of agility
 o - a potion of magic
 r - a potion of haste
Comestibles
 c - 7 rations


   Skills:
 - Level 3.6 Fighting
 + Level 13.0 Maces & Flails
 - Level 3.2 Dodging
 - Level 1.5 Stealth


You had 7 spell levels left.
You didn't know any spells.
Your spell library contained the following spells:

 Spells                   Type           Power        Failure   Level  Hunger
 Confusing Touch          Hex            #.....       52%         1    ##.....
 Confuse                  Hex            #.......     83%         3    ####...
 Gell's Gravitas          Tloc           #.........   83%         3    ####...
 Petrify                  Tmut/Erth      #.......     99%         4    #####..
 Metabolic Englaciation   Hex/Ice        #.........   100%        5    ######.
 Yara's Violent Unravell  Hex/Tmut       #.........   100%        5    ######.


Dungeon Overview and Level Annotations

Branches:
Dungeon (6/15)
 Temple: D:4-7

Altars:
Cheibriados
Elyvilon
Makhleb
Nemelex Xobeh
Ru


Innate Abilities, Weirdness & Mutations

You reflexively headbutt those who attack you in melee.
You have a pair of horns on your head.


Message History

The bullfrog is moderately wounded.
The bullfrog hits you but does no damage.
The centaur closely misses you.
You puncture the bullfrog!
The bullfrog is severely wounded.
The bullfrog hits you but does no damage.
The centaur closely misses you. The bullfrog closely misses you.
You impale the bullfrog!!
You kill the bullfrog!
Makhleb accepts your kill.
Your Maces & Flails skill increases to level 13!
The centaur closely misses you. The centaur hits you!
* * * LOW HITPOINT WARNING * * *
You completely miss the scorpion. The centaur barely misses you.
The scorpion stings you but does no damage.
You hit the scorpion.
The scorpion is moderately wounded.
The centaur hits you but does no damage.
The scorpion stings you!
You die...

##. .#. . .. .. ##
.. .! ... .###.#
.# .. . #.#..#
.#.#...
#...#####n......
.## #.....@so..# #
...
#..##c####.....
#.##.##..#.o=####
o..
.................
n
####.#.......##..^
.........##### ...
###.#...# ..
###.#...#### .
#............


You could see a necrophage, a centaur, a scorpion and 2 orcs.

Vanquished Creatures
  Grinder (D:4)
  The ghost of dasteron the Covert, an amateur VSAs (D:5)
  An orc warrior (D:6)
  An ogre (D:4)
  Blork the orc (D:4)
  2 bullfrogs (D:6)
  A howler monkey (D:4)
  A crimson imp (D:5)
  2 hounds
  A gnoll shaman (D:5)
  2 orc priests
  A jelly (D:5)
  3 orc wizards
  2 bullfrog skeletons
  Ijyb (D:5)
  An iguana (D:5)
  Natasha (D:4)
  4 worker ants
  8 gnolls (D:5)
  7 adders
  A shadow imp (D:5)
  An adder skeleton (D:6)
  5 worms
  A dart slug (D:3)
  7 leopard geckos
  21 orcs
  A ball python (D:3)
  4 bats
  2 giant cockroaches
  4 goblins
  8 hobgoblins
  12 jackals
  2 quokkas
  A ball python skeleton (D:4)
  4 frilled lizards
  3 kobolds
  14 rats
133 creatures vanquished.

Notes
Turn   | Place    | Note
-------+----------+-------------------------------------------
     0 | D:1      | Curus the Minotaur Monk began the quest for the Orb.
     0 | D:1      | Reached XP level 1. HP: 19/19 MP: 0/0
    43 | D:1      | Reached skill level 4 in Maces & Flails
   173 | D:1      | Reached XP level 2. HP: 25/26 MP: 1/1
   708 | D:2      | Reached skill level 5 in Maces & Flails
   756 | D:2      | Reached XP level 3. HP: 24/31 MP: 2/2
   813 | D:2      | Found a sacrificial altar of Ru.
  1031 | D:2      | Found a sparkling altar of Nemelex Xobeh.
  1297 | D:3      | Reached skill level 6 in Maces & Flails
  1297 | D:3      | Reached XP level 4. HP: 37/39 MP: 3/3
  1407 | D:3      | Found a snail-covered altar of Cheibriados.
  1991 | D:3      | Found a burning altar of Makhleb.
  1994 | D:3      | Reached skill level 7 in Maces & Flails
  1994 | D:3      | Reached XP level 5. HP: 45/45 MP: 4/4
  2003 | D:3      | Became a worshipper of Makhleb the Destroyer
  2003 | D:3      | Reached * piety under Makhleb
  2003 | D:3      | Reached ** piety under Makhleb
  2149 | D:4      | Noticed an ogre
  2152 | D:4      | Noticed Blork the orc
  2157 | D:4      | Killed an ogre
  2157 | D:4      | Reached skill level 8 in Maces & Flails
  2157 | D:4      | Reached XP level 6. HP: 46/51 MP: 5/5
  2164 | D:4      | Killed Blork the orc
  2254 | D:4      | Reached skill level 9 in Maces & Flails
  2276 | D:4      | Noticed Natasha
  2286 | D:4      | Killed Natasha
  2356 | D:4      | Found a white marble altar of Elyvilon.
  2422 | D:4      | Reached XP level 7. HP: 17/57 MP: 6/6
  2916 | D:4      | Noticed Grinder
  2916 | D:4      | Paralysed by Grinder for 6 turns
  2932 | D:4      | Killed Grinder
  2932 | D:4      | Reached skill level 10 in Maces & Flails
  3204 | D:5      | Entered Level 5 of the Dungeon
  3272 | D:5      | Found a runed translucent door.
  3276 | D:5      | Noticed dasteron's ghost (amateur VSAs)
  3298 | D:5      | Killed dasteron's ghost
  3298 | D:5      | Reached skill level 11 in Maces & Flails
  3316 | D:5      | Noticed Ijyb
  3330 | D:5      | Killed Ijyb
  3421 | D:5      | Reached XP level 8. HP: 46/64 MP: 7/7
  3584 | D:5      | Reached *** piety under Makhleb
  4061 | D:5      | Reached skill level 12 in Maces & Flails
  4761 | D:6      | Reached skill level 13 in Maces & Flails
  4763 | D:6      | Slain by a scorpion

Levels and vault maps discovered:
D:1:      erik_arrival_orb_chamber, layout_basic, minmay_misc_feat_doors,
          due_unseen_surprise
D:2:      layout_basic, nicolae_ru_sacrificial_ziggurat, lemuel_doored_altar
D:3:      layout_loops_ring, makhleb_blood_cavern_becter, kennysheep_slug_shrine
D:4:      wad_lake_hut, layout_basic, nicolae_overflow_crystal_walls,
          uniq_blork_the_orc, uniq_natasha, uniq_grinder
D:5:      layout_basic, ebering_ghost_sewer_d, first_ration,
          minmay_fountain_box, uniq_ijyb
D:6:      layout_loops_ring, lemuel_crystal_altar,
          grunt_temple_overflow_forces_of_nature, minmay_temple_entry_glass,
          serial_shops, shop

Skill      XL: |  1  2  3  4  5  6  7  8 |
---------------+-------------------------+-----
Maces & Flails | 4 5 6 7 8 9 11 13 | 13.0
Fighting       | |  3.6
Dodging        | |  3.2
Stealth        | |  1.5

Action                   |  1- 3 |  4- 6 |  7- 9 || total
-------------------------+-------+-------+-------++-------
Melee: Mace              |    92 |    28 |       ||   120
       Headbutt          |    11 |    33 |    38 ||    82
       Flail             |       |   114 |   152 ||   266
       Morningstar       |       |       |    40 ||    40
Invok: Minor Destruction |       |       |     1 ||     1
  Use: Scroll            |     5 |     3 |     3 ||    11
       Potion            |     3 |     6 |     7 ||    16
 Stab: Sleeping          |     1 |       |       ||     1
  Eat: Chunk             |     1 |     4 |     4 ||     9
       Ration            |       |       |     1 ||     1
Armor: Robe              |     7 |       |       ||     7
       Scale mail        |    10 |     8 |       ||    18
       Chain mail        |       |    64 |    79 ||   143
Dodge: Dodged            |    47 |    57 |    80 ||   184
